 Dungeon Sprint DCSS version 0.30-a0-465-g8901f6c8b5 (webtiles) character file.

Game seed: 3041280038142074

2129 holysushi the Geomancer (level 9, 0/46 HPs)
             Began as a Gargoyle Earth Elementalist on Dec 18, 2022.
             Was a High Priest of Vehumet.
             Killed from afar by an air elemental (5 damage)
             ... with a stunning burst
             ... while paralysed by an air elemental
             ... in the Dungeon (Sprint V: "Ziggurat Sprint").
             The game lasted 00:06:52 (462 turns).

holysushi the Geomancer (GrEE)                       Turns: 462, Time: 00:06:53

Health: 0/46       AC: 10    Str: 16    XL:     9   Next: 30%
Magic:  12/12      EV:  2    Int: 18    God:    Vehumet [*****.]
Gold:   0          SH:  0    Dex: 34    Spells: 8/12 levels left

rFire   . . .      SeeInvis .    J - +10 mace "Damnoedgh" {spect, Dex+7}
rCold   . . .      Faith    .    (no shield)
rNeg    + . .      Spirit   .    a - +0 robe
rPois   ∞          Reflect  .    (no helmet)
rElec   +          Harm     .    F - +0 cloak {rCorr}
rCorr   +          Rampage  .    C - +0 pair of fencer's gloves {Riposte Dex+3}
Will    .....      NoTele   +    (no boots)
Stlth   +++.......               D - amulet of the acrobat
HPRegen 0.27/turn                u - +6 ring of dexterity
MPRegen 0.13/turn                I - ring of Plog {+Blink rPois rCorr Str+4 Dex+6}

@: paralysed, hasted, studying Conjurations, invisible
A: sickness immunity, AC +6, negative energy resistance 1, electricity
resistance, torment resistance 1, petrification resistance, frail 1, devolution
1
a: Renounce Religion, Evoke Blink


You were in the Dungeon.
You worshipped Vehumet.
Vehumet was extremely pleased with you.
You visited 1 branch

Inventory:

Hand Weapons
 B - the +6 Majin-Bo {vamp, MP+6 Int+6}
   (You found it in the Dungeon)

   It heals its wielder for a portion of the damage dealt when they wound a
   living foe with it or with a spell.
   Its wielder's spells cost health as well as magical power.
   Int:       It affects your intelligence (+6).
   MP:        It affects your magic capacity (+6).
 J - the +10 mace "Damnoedgh" (weapon) {spect, Dex+7}
   (You found it in the Dungeon)

   When its wielder attacks, the weapon's spirit leaps out and strikes again.
   The spirit shares a part of any damage it takes with its wielder.
   Dex:       It affects your dexterity (+7).
Armour
 a - a +0 robe (worn)
 k - +5 fire dragon scales
 C - the +0 pair of fencer's gloves (worn) {Riposte Dex+3}
   (You found it in the Dungeon)

   It allows the wearer to riposte with melee weapons, swiftly retaliating
   against missed or blocked melee attacks.
   Dex:       It affects your dexterity (+3).
 F - a +0 cloak of preservation (worn)
 G - the +3 Mad Mage's Maulers {Infuse+∞ RegenMP Int-3}
   (You found it in the Dungeon)

   It empowers its wearer's blows with all of their magic.
   It causes its wearer's magical reserves to regenerate more quickly.
   Int:       It affects your intelligence (-3).
Jewellery
 t - a ring of flight
 u - a +6 ring of dexterity (left hand)
 v - a +6 ring of dexterity
 w - a +6 ring of intelligence
 x - a +6 ring of intelligence
 y - a +6 ring of strength
 z - a +6 ring of strength
 D - an amulet of the acrobat (around neck)
 I - the ring of Plog (right hand) {+Blink rPois rCorr Str+4 Dex+6}
   (You found it in the Dungeon)

   [ring of dexterity]

   Str:       It affects your strength (+4).
   Dex:       It affects your dexterity (+6).
   rPois:     It protects you from poison.
   +Blink:    It lets you blink.
   rCorr:     It protects you from acid and corrosion.
Wands
 q - a wand of mindburst (7)
 r - a wand of iceblast (7)
 s - a wand of acid (5)
Scrolls
 g - 3 scrolls of blinking
 m - 4 scrolls of amnesia
 n - 7 scrolls of fog
 o - 5 scrolls of identify
 p - 2 scrolls of fear
Potions
 b - 8 potions of magic
 c - 7 potions of curing
 d - 9 potions of heal wounds
 e - 5 potions of haste
 f - 3 potions of berserk rage
 h - 2 potions of brilliance
 i - a potion of invisibility
 j - 4 potions of resistance
 l - 5 potions of might
Miscellaneous
 A - a lightning rod (3/4)
 E - a box of beasts (inert)
 H - a phantom mirror (inert)


   Skills:
 + Level 4.0 Fighting
 + Level 11.8 Dodging
 - Level 2.1 Stealth
 - Level 2.0 Spellcasting
 - Level 0.7 Transmutations
 - Level 12.8 Earth Magic
 + Level 10.0 Evocations


You had 8 spell levels left.
You knew the following spells:

 Your Spells              Type           Power      Damage    Failure   Level
a - Sandblast             Erth           96%        2d20      1%          1
b - Stone Arrow           Conj/Erth      48%        3d10      1%          3

Your spell library contained the following spells:

 Spells                   Type           Power      Damage    Failure   Level
 Freeze                   Ice            4%         1d3       5%          1
 Passwall                 Tmut/Erth      21%        N/A       1%          2
 Petrify                  Tmut/Erth      26%        N/A       11%         4
 Alistair's Intoxication  Tmut/Pois      2%         N/A       99%         5
 Conjure Ball Lightning   Conj/Air       0%         3x3d6     99%         6
 Chain Lightning          Conj/Air       0%         2d1       100%        9


Dungeon Overview and Level Annotations

Branches:
Dungeon (1/1) Zot: 27000

Altars:
Ashenzari
Cheibriados
Dithmenos
Elyvilon
Fedhas
Gozag
Hepliaklqana
Kikubaaqudgha
Makhleb
Nemelex Xobeh
Okawaru
Qazlal
Ru
Sif Muna
Trog
Uskayaw
Vehumet
Wu Jian
Xom
Yredelemnul
Zin
The Shining One
Jiyva
Lugonu


Innate Abilities, Weirdness & Mutations

You are immune to sickness and miasma.
Your stone body is resilient. (AC +6)
You are immune to poison.
You resist negative energy. (rN+)
You are resistant to electric shocks. (rElec)
You are resistant to unholy torment.
You are immune to petrification.
You are frail. (-10% HP)
You have hidden genetic defects.


Message History

The air elemental barely misses you.
The wind drake bites your juvenile stingfire beast but does no damage.
Your juvenile stingfire beast stings the air elemental from afar.
Your juvenile stingfire beast misses the air elemental. x2
You feel yourself speed up. The air elemental hits you!
The air elemental hits you.
The air elemental hits you but does no damage.
The air elemental closely misses you. The air elemental hits you.
The wind drake bites your juvenile stingfire beast but does no damage.
The wind drake bites your juvenile stingfire beast!
The air elemental fires a burst of electricity at you.
The stunning burst misses you.
Your juvenile stingfire beast completely misses the air elemental. x2
Your juvenile stingfire beast stings the air elemental!
Aiming: Iceblast
Press: ? - help, Shift-Dir - straight line, p - juvenile stingfire beast
Okay, then.
Aiming: Thunderbolt
Press: ? - help, Shift-Dir - straight line, f - wind drake, p - juvenile stingfire beast
Aim: a wind drake (repelling missiles, unable to see you)
The thunderbolt hits the wind drake!
The wind drake is lightly wounded.
The thunderbolt hits the wind drake!
The wind drake is moderately wounded.
The thunderbolt hits the air elemental.
The air elemental completely resists.
The air elemental hits you but does no damage.
The air elemental misses you.
The air elemental fires a burst of electricity at you.
The stunning burst hits you. You resist.
You suddenly lose the ability to move!
The air elemental hits you!
The air elemental hits you but does no damage.
The air elemental fires a burst of electricity at you.
The stunning burst hits you! You resist.
* * * LOW HITPOINT WARNING * * *
The air elemental fires a burst of electricity at you.
The stunning burst hits you. You resist.
* * * LOW HITPOINT WARNING * * *
The air elemental fires a burst of electricity at you.
The stunning burst hits you. You resist.
You die...

▓..=)[..▓
▓..}::..▓
▓...k...▓
▓...k...▓
▓..Hk...▓
.H.....
▓.▓EEE▓.▓
▓...@...▓
▓▓▓▓▓▓▓▓▓


You could see 3 wind drakes, 3 air elementals and 2 friendly mutant beasts.

Vanquished Creatures
  2 ugly things (D)
  A queen bee (shapeshifter) (D)
  A wind drake (shapeshifter) (D)
  A yak (D)
  2 scorpions (D)
  2 jellies (D)
  An orc priest (D)
  An iguana (D)
  3 orc wizards (D)
  An adder (D)
  A river rat (D)
  4 ball pythons (D)
20 creatures vanquished.

Vanquished Creatures (collateral kills)
  A tarantella (D)
  2 neqoxecs (D)
  A scorpion (D)
4 creatures vanquished.

Grand Total: 24 creatures vanquished

Notes
Turn   | Place    | Note
-------+----------+-------------------------------------------
     0 | D        | holysushi the Gargoyle Earth Elementalist began the quest
                  | for the Orb.
     0 | D        | Reached XP level 1. HP: 10/10 MP: 3/3
     0 | D        | Found a shimmering blue altar of Sif Muna.
     0 | D        | Found a bloodstained altar of Trog.
     0 | D        | Found a sacrificial altar of Ru.
     0 | D        | Found a stormy altar of Qazlal.
     0 | D        | Found an iron altar of Okawaru.
     1 | D        | Found a sparkling altar of Nemelex Xobeh.
     1 | D        | Found a blossoming altar of Fedhas.
     1 | D        | Found the +6 Majin-Bo {vamp, MP+6 Int+6}
     1 | D        | Found the +27 heavy crossbow "Sniper" {vorpal, Acc+∞ SInv}
     1 | D        | Found the +10 dark maul {vorpal}
     1 | D        | Found the +15 Maxwell's patent armour {-Cast -Tele rElec
                  | Will+ rCorr}
     1 | D        | Found the +18 shield of the Gong {rElec rN+ Will+ EV-5}
     1 | D        | Found the +14 obsidian axe {vorpal, Mesm Drain Fly SInv}
     1 | D        | Found the +7 great mace "Firestarter" {inner flame, rF++}
     1 | D        | Found the +6 shillelagh "Devastator" {shatter}
     1 | D        | Found the +11 plutonium sword {Contam Stlth-}
     1 | D        | Found the +8 lance "Wyrmbane" {slay drac, rPois rF+ rC+
                  | AC+3}
     1 | D        | Found the +9 sword of Zonguldrok {reap}
     1 | D        | Found the +13 scythe of Curses {drain, Drain}
     1 | D        | Found the +5 sword of Power {vorpal}
     1 | D        | Found the +7 mace of Variability {chain chaos}
     1 | D        | Found the +7 Singing Sword {vorpal, sonic wave}
     1 | D        | Found the +8 storm bow {elec, penet}
     3 | D        | Found a transporter.
     3 | D        | Found an ancient bone altar of Kikubaaqudgha.
     3 | D        | Found a viscous altar of Jiyva.
     3 | D        | Found a corrupted altar of Lugonu.
     3 | D        | Found a hazy altar of Hepliaklqana.
     3 | D        | Found a burning altar of Makhleb.
     3 | D        | Found an opulent altar of Gozag.
    32 | D        | Reached XP level 2. HP: 15/15 MP: 3/5
    59 | D        | Became a worshipper of Vehumet
    89 | D        | Entered arena 2.
    89 | D        | Found the +0 pair of fencer's gloves {Riposte Dex+3}
    89 | D        | Found a transporter.
    92 | D        | Reached skill level 6 in Earth Magic
    92 | D        | Reached XP level 3. HP: 19/19 MP: 6/6
    93 | D        | Reached skill level 7 in Earth Magic
    93 | D        | Reached XP level 4. HP: 24/24 MP: 7/7
   115 | D        | Learned a level 3 spell: Stone Arrow
   116 | D        | Entered arena 3.
   116 | D        | Noticed a yak
   116 | D        | Found a transporter.
   120 | D        | Reached * piety under Vehumet
   120 | D        | Offered knowledge of Kiss of Death by Vehumet.
   121 | D        | Reached skill level 9 in Earth Magic
   123 | D        | Killed a yak
   124 | D        | Reached skill level 12 in Earth Magic
   124 | D        | Reached XP level 5. HP: 24/28 MP: 8/8
   124 | D        | Reached XP level 6. HP: 28/32 MP: 9/9
   145 | D        | Got the Quarto of Breath and the Gift
   150 | D        | Entered arena 4.
   150 | D        | Found a transporter.
   151 | D        | Reached ** piety under Vehumet
   152 | D        | Reached skill level 1 in Fighting
   152 | D        | Reached skill level 1 in Evocations
   194 | D        | Entered arena 5.
   194 | D        | Noticed a tarantella
   194 | D        | Found a transporter.
   200 | D        | Killed a tarantella
   200 | D        | Reached *** piety under Vehumet
   201 | D        | Reached XP level 7. HP: 24/43 MP: 10/10
   203 | D        | Reached skill level 5 in Evocations
   272 | D        | Entered arena 6.
   272 | D        | Found a transporter.
   273 | D        | Offered knowledge of Freeze by Vehumet.
   273 | D        | Reached **** piety under Vehumet
   296 | D        | Entered arena 7.
   296 | D        | Found the +3 Mad Mage's Maulers {Infuse+∞ RegenMP Int-3}
   296 | D        | Noticed a queen bee
   296 | D        | Noticed a neqoxec
   296 | D        | Noticed a wind drake
   296 | D        | Noticed a cyan ugly thing
   296 | D        | Noticed a cyan ugly thing
   296 | D        | Noticed a neqoxec
   298 | D        | Found a transporter.
   298 | D        | Gained mutation: You have hidden genetic defects. [a
                  | neqoxec]
   302 | D        | Killed a queen bee
   302 | D        | Reached ***** piety under Vehumet
   303 | D        | Reached XP level 8. HP: 35/48 MP: 11/11
   308 | D        | Killed a brown ugly thing
   309 | D        | Reached skill level 10 in Dodging
   309 | D        | Killed a brown ugly thing
   310 | D        | Reached skill level 10 in Evocations
   310 | D        | Reached XP level 9. HP: 11/52 MP: 12/12
   310 | D        | Killed a wind drake
   314 | D        | Gained mutation: You are frail. (-10% HP) [hidden defects]
   443 | D        | Got the ring of Plog {+Blink rPois rCorr Str+4 Dex+6}
   452 | D        | Got the +10 mace "Damnoedgh" {spect, Dex+7}
   455 | D        | Entered arena 8.
   455 | D        | Noticed a wind drake
   455 | D        | Noticed a wind drake
   455 | D        | Noticed a wind drake
   461 | D        | Paralysed by an air elemental for 1 turns
   462 | D        | Killed from afar by an air elemental

Illustrated notes

Levels and vault maps discovered:
D:        sprint_v [room_start, room_1, room_2, room_3, room_4, room_5, room_6,
          room_7, room_8, room_9, room_10, room_11, room_12, room_13, room_14,
          room_15, room_16, room_17, room_18, room_19, room_20, room_21,
          room_22, room_23, room_24, room_25, room_26, room_27]

Skill      XL: |  1  2  3  4  5  6  7  8 |
---------------+-------------------------+-----
Dodging        | 6 8 9 11 | 11.8
Earth Magic    | 6 7 12 | 12.8
Fighting       | 4 |  4.0
Evocations     | 4 7 10 | 10.0
Stealth        | |  2.1
Spellcasting   | |  2.0
Transmutations | |  0.7

Action                   |  1- 3 |  4- 6 |  7- 9 || total
-------------------------+-------+-------+-------++-------
Melee: Quarterstaff      |       |     4 |     2 ||     6
 Cast: Sandblast         |     3 |     2 |       ||     5
Evoke: Lightning rod     |       |     9 |    13 ||    22
       Wand              |       |     1 |     1 ||     2
       Box of beasts     |       |     1 |     4 ||     5
       Phantom mirror    |       |       |     1 ||     1
  Use: Potion            |     1 |     3 |     3 ||     7
       Scroll            |       |     1 |       ||     1
 Stab: Distracted        |       |       |     1 ||     1
Armor: Robe              |     1 |     4 |     4 ||     9
Dodge: Dodged            |     1 |     9 |    10 ||    20
       Rpst.: Quarterstaff |       |     4 |     1 ||     5

Table legend: (Time is in decaauts)
 A = Elapsed time spent in this place.
 B = Non-inter-level travel time spent in this place.
 C = Inter-level travel time spent in this place.
 D = Time resting spent in this place.
 E = Time spent auto-exploring this place.
 F = Levels seen in this place.
 G = Mean time per level.
                   A        B        C        D        E       F      G
               +--------+--------+--------+--------+--------+-----+--------+
         Total |    462 |    462 |      0 |    214 |      0 |   1 |  462.0 |
       Dungeon |    462 |    462 |      0 |    214 |      0 |   1 |  462.0 |
               +--------+--------+--------+--------+--------+-----+--------+

Top non-repeatable levels by time:
       D: 462 daAuts
